 Dungeon Crawl Stone Soup version 0.29-a0-22-gbf593b16ee (webtiles) character file.

Game seed: 2550081460105853587

122 HallandMoats the Ruffian (level 4, -5/45 HPs)
             Began as a Troll Monk on Jan 30, 2022.
             Slain by a sky beast (6 damage)
             ... on level 3 of the Dungeon.
             The game lasted 00:02:47 (1721 turns).

HallandMoats the Ruffian (Troll Monk)               Turns: 1721, Time: 00:02:48

Health: -5/45      AC:  4    Str: 19    XL:     4   Next: 78%
Magic:  3/3        EV: 10    Int:  6    God:
Gold:   82         SH:  0    Dex: 14    Spells: 3/3 levels left

rFire   . . .      SeeInvis .     - Unarmed
rCold   . . .      Faith    .   (no shield)
rNeg    . . .      Spirit   .   a - +0 robe
rPois   .          Reflect  .   (helmet restricted)
rElec   .          Harm     .   (no cloak)
rCorr   .          Rampage  .   (gloves unavailable)
Will    .....                   (boots unavailable)
Stlth   ++........              (no amulet)
HPRegen 0.95/turn               (no ring)
MPRegen 0.08/turn               (no ring)

@: no status effects
A: large, unfitting armour, claws 3, regeneration 1, shaggy fur 1, tough skin 1
a: no special abilities


You were on level 3 of the Dungeon.
You visited 1 branch of the dungeon, and saw 3 of its levels.

You collected 82 gold pieces.

Inventory:

Armour
 a - a +0 robe (worn)
Scrolls
 c - a scroll of vulnerability {unknown}
 d - 2 scrolls of summoning {unknown}
 h - a scroll of immolation {unknown}
 i - a scroll of identify {unknown}
Potions
 b - a potion of brilliance {unknown}
 e - a potion of flight {unknown}
 f - 4 potions of curing {unknown}
 g - 2 potions of attraction {unknown}


   Skills:
 * Level 3.2 Fighting
 + Level 1.0 Armour
 + Level 2.9 Dodging
 - Level 1.0 Stealth
 * Level 3.9 Unarmed Combat
 + Level 1.2 Invocations


You had 3 spell levels left.
You didn't know any spells.
Your spell library contained the following spells:

 Spells                   Type           Power      Damage    Failure   Level
 Foxfire                  Conj/Fire      0%         2x1d4     45%         1
 Conjure Flame            Conj/Fire      0%         6-21      83%         3
 Inner Flame              Hex/Fire       0%         N/A       83%         3
 Flame Wave               Conj/Fire      0%         2d4       99%         4
 Dispersal                Tloc           0%         N/A       100%        6
 Disjunction              Tloc           0%         N/A       100%        8


Dungeon Overview and Level Annotations

Branches:
Dungeon (3/15)

Altars:

Shops:
D:1 =   D:2 [


Innate Abilities, Weirdness & Mutations

You are too large for most types of armour.
You have claws for hands.
Your natural rate of healing is unusually fast.
You are covered in fur. (AC +1)
You have tough skin. (AC +1)


Message History

There are monsters nearby!
There are monsters nearby!
You miss the frilled lizard. The frilled lizard barely misses you.
You miss the frilled lizard.
The sky beast flickers out of sight!
Deactivating autopickup; reactivate with Ctrl-A.
A quokka comes into view.
The frilled lizard bites you.
You claw the frilled lizard!
You kill the frilled lizard!
Something hits you. Something shocks you. The quokka closely misses you.
You see here a frilled lizard corpse.
You claw the quokka!
You kill the quokka!
Something hits you. Something shocks you.
No target in view!
No target in view!
No target in view!
Something hits you. Something shocks you. Something hits you.
Something shocks you. Something hits you but does no damage.
Something hits you. Something shocks you.
* * * LOW HITPOINT WARNING * * *
You closely miss something. You scratch something but do no damage.
Your claw misses something. Something hits you but does no damage.
You claw something! Something hits you. Something shocks you.
* * * LOW HITPOINT WARNING * * *
You closely miss something. Something hits you.
* * * LOW HITPOINT WARNING * * *
Something shocks you.
* * * LOW HITPOINT WARNING * * *
You miss something.
A sky beast appears from thin air!
Reactivating autopickup.
The sky beast closely misses you.
You claw the sky beast!
The sky beast is severely wounded.
The sky beast hits you.
* * * LOW HITPOINT WARNING * * *
The sky beast shocks you.
You die...

#.#..+ #.#..#....#
########.#..#....#
.........#..#....###
.........#..#......
#######.....#....#
+.....#....#
####...###....#
........†.Y@...#
...............#
.................#
...............#.#
###..###.....### #
.... #.....# ##..
....#.# . .....#..


You could see a sky beast.

Vanquished Creatures
  Natasha (D:3)
  3 adders (D:2)
  3 worms (D:2)
  2 dart slugs (D:1)
  2 bats (D:1)
  5 endoplasms
  8 goblins
  5 hobgoblins
  6 jackals (D:2)
  5 quokkas
  5 ball pythons
  3 frilled lizards
  5 kobolds
  3 rats
56 creatures vanquished.

Notes
Turn   | Place    | Note
-------+----------+-------------------------------------------
     0 | D:1      | HallandMoats the Troll Monk began the quest for the Orb.
     0 | D:1      | Reached XP level 1. HP: 22/22 MP: 0/0
    68 | D:1      | Found Ucraqid's Jewellery Boutique.
   157 | D:1      | Reached XP level 2. HP: 29/29 MP: 1/1
   576 | D:1      | Reached XP level 3. HP: 36/36 MP: 2/2
   837 | D:2      | Reached skill level 1 in Invocations
   837 | D:2      | Reached XP level 4. HP: 45/45 MP: 3/3
   844 | D:2      | Found Figaploi's Armour Shoppe.
  1587 | D:3      | Noticed Natasha
  1598 | D:3      | Killed Natasha
  1599 | D:3      | Reached skill level 1 in Armour
  1704 | D:3      | Noticed a sky beast
  1719 | D:3      | HP: 2/45 [something (5)]
  1721 | D:3      | Slain by a sky beast

Illustrated notes

Levels and vault maps discovered:
D:1:      lordsloth_arrival_two_stooges, layout_loops_cross, serial_shops,
          nicolae_shop_waterfront
D:2:      layout_loops_ring, serial_shops, shop, amcnicky_mini_corridor_feature,
          chequers_serial_rivers_large_a, minmay_heptomino_l4
D:3:      layout_basic, uniq_natasha

Skill      XL: |  1  2  3  4 |
---------------+-------------+-----
Fighting       | 3 |  3.2
Invocations    | 1 |  1.2
Armour         | 1 |  1.0
Dodging        | |  2.9
Stealth        | |  1.0
Unarmed Combat | |  3.9

Action                   |  1- 3 |  4- 6 || total
-------------------------+-------+-------++-------
Melee: Unarmed           |    83 |    50 ||   133
       Punch             |     1 |       ||     1
 Stab: Sleeping          |     3 |     5 ||     8
Armor: Robe              |    18 |    10 ||    28
Dodge: Dodged            |    34 |    24 ||    58

Table legend: (Time is in decaauts)
 A = Elapsed time spent in this place.
 B = Non-inter-level travel time spent in this place.
 C = Inter-level travel time spent in this place.
 D = Time resting spent in this place.
 E = Time spent auto-exploring this place.
 F = Levels seen in this place.
 G = Mean time per level.
                   A        B        C        D        E       F      G
               +--------+--------+--------+--------+--------+-----+--------+
         Total |   1721 |   1664 |     57 |      0 |   1340 |   3 |  573.7 |
       Dungeon |   1721 |   1664 |     57 |      0 |   1340 |   3 |  573.7 |
               +--------+--------+--------+--------+--------+-----+--------+

Top non-repeatable levels by time:
     D:2: 814 daAuts
     D:1: 642 daAuts
     D:3: 265 daAuts
